 Dungeon Crawl Stone Soup version 0.24-a0-721-g5fed591 (webtiles) character file.

Game seed: 2647177035725897476, levelgen mode: deterministic

7422 2tousent the Jinx (level 10, 0/60 HPs)
             Began as a Vampire Enchanter on Sept 30, 2019.
             Slain by a blink frog (9 damage)
             ... on level 1 of the Lair of Beasts.
             The game lasted 00:44:32 (8835 turns).

2tousent the Jinx (Vampire Enchanter)               Turns: 8835, Time: 00:44:33

Health: 0/60       AC:  5    Str:  7    XL:     10   Next: 93%
Magic:  0/28       EV: 16    Int: 19    God:
Gold:   869        SH:  5    Dex: 21    Spells: 6/21 levels left

rFire    . . .     SeeInvis +   D - +3 dagger (protect)
rCold    + + .     Gourm    .   N - +0 buckler of the Three Friends {Dex+4}
rNeg     + + +     Faith    .   H - +0 steam dragon scales
rPois    ∞         Spirit   +   (no helmet)
rElec    .         Reflect  .   (no cloak)
rCorr    .         Harm     .   (no gloves)
MR       ++...                  (no boots)
Stlth    +++++++...             e - amulet of guardian spirit
HPRegen  0.00/turn              i - ring of magical power
MPRegen  0.21/turn              B - ring of protection from magic

@: very slightly contaminated, bloodless, regenerating quickly
A: no food, fangs 3, see invisible, unbreathing
a: Bat Form, Revivify


You were on level 1 of the Lair of Beasts.
You were bloodless.

You visited 2 branches of the dungeon, and saw 11 of its levels.
You also visited: Ossuary.

You collected 869 gold pieces.

Inventory:

Hand Weapons
 a - a +1 dagger
 D - a +3 dagger of protection (weapon)
Armour
 b - a +1 robe
 H - +0 steam dragon scales (worn)
 N - the +0 buckler of the Three Friends (worn) {Dex+4}
   (You found it on level 10 of the Dungeon)

   It affects your dexterity (+4).
Jewellery
 e - an amulet of guardian spirit (around neck)
 i - a ring of magical power (left hand)
 p - an uncursed amulet of magic regeneration
 q - an uncursed amulet of harm {unknown}
 r - an uncursed amulet of magic regeneration
 s - an uncursed ring of see invisible
 w - an uncursed ring of poison resistance
 B - a ring of protection from magic (right hand)
 L - a +2 ring of intelligence {unknown}
Wands
 v - a wand of paralysis (5)
 x - a wand of flame (22)
 E - a wand of disintegration (9)
Scrolls
 c - 2 scrolls of teleportation
 d - a scroll of identify
 g - 3 scrolls of magic mapping
 n - 2 scrolls of immolation
 o - a scroll of fear
 u - a scroll of enchant armour
 y - 2 scrolls of amnesia
 C - a scroll of random uselessness
 K - 2 scrolls of remove curse
Potions
 f - 5 potions of curing
 h - 6 potions of flight
 j - 2 potions of agility
 k - 3 potions of haste
 l - 4 potions of mutation
 m - a potion of heal wounds
 t - 3 potions of cancellation
 z - a potion of brilliance
 A - 3 potions of degeneration
 F - 3 potions of berserk rage
 G - 2 potions of might
 I - a potion of invisibility
 J - a potion of resistance
 M - a potion of magic


   Skills:
 + Level 5.7 Fighting
 * Level 7.6 Short Blades
 + Level 5.9 Dodging
 + Level 10.6 Stealth
 * Level 1.7 Shields
 + Level 6.1 Spellcasting
 * Level 13.2 Hexes


You had 6 spell levels left.
You knew the following spells:

 Your Spells              Type           Power        Failure   Level  Hunger
a - Ensorcelled Hibernat  Hex/Ice        ####..       1%          2    N/A
b - Confuse               Hex            ######..     1%          3    N/A
c - Tukima's Dance        Hex            ######..     1%          3    N/A
f - Cause Fear            Hex            ######....   1%          4    N/A
s - Dazzling Spray        Conj/Hex       ####..       2%          3    N/A

Your spell library contained the following spells:

 Spells                   Type           Power        Failure   Level  Hunger
 Corona                   Hex            ######.      1%          1    N/A
 Slow                     Hex            ######..     1%          2    N/A
 Inner Flame              Hex/Fire       ####....     2%          3    N/A
 Portal Projectile        Hex/Tloc       ####..       2%          3    N/A
 Leda's Liquefaction      Hex/Erth       ####......   10%         4    N/A
 Beastly Appendage        Tmut           #.....       14%         1    N/A
 Sticks to Snakes         Tmut           #.......     22%         2    N/A
 Spider Form              Tmut/Pois      #.........   41%         3    N/A
 Ice Form                 Ice/Tmut       #.......     82%         4    N/A
 Blade Hands              Tmut           #.........   99%         5    N/A

Dungeon Overview and Level Annotations

Branches:
Dungeon (11/15)              Lair (1/6) D:10            Orc (0/2) D:9
Ossuary (visited)
 Temple: D:4-7

Altars:
Ashenzari
Fedhas
Qazlal
The Shining One

Shops:
D:7 [

Annotations:
D:4 2 transporters, GrazedDisgrace's ghost, amateur DsGl


Innate Abilities, Weirdness & Mutations

You do not eat.
You do not regenerate when monsters are visible.
You are frail without blood (-20% HP).
You are immune to poison.
You have razor-sharp teeth.
You have supernaturally acute eyesight. (SInv)
You can survive without breathing.


Message History

Confirm with . or Enter, or press ? or * to list all spells.
Aiming: Ensorcelled Hibernation (safe; 1% risk of failure)
Press: ? - help, Shift-Dir - straight line, f - blink frog, p - blink frog
Aim: a blink frog (chance to defeat MR: 42%)
The blink frog resists with some effort.
The blink frog hits you!
The blink frog blinks!
The blink frog blinks!
You block the blink frog's attack.
The blink frog hits you but does no damage.
The blink frog blinks!
You block the blink frog's attack. The blink frog hits you!
* * * LOW HITPOINT WARNING * * *
The blink frog blinks!
The blink frog hits you.
* * * LOW HITPOINT WARNING * * *
Okay, then.
The blink frog blinks!
The blink frog closely misses you.
The blink frog blinks! x2
The blink frog hits you!
You die...

##...######.
#........... ..
##.F........ ....
#.?§###+####.....
#..........#....$..
#..!#................
##..#.§.....#........
#..#...F...P........
...#....@.........#
##..F.......#......#
#..###.#.#.#......#.
#...........†..(....
#P. .........<.....#
##.................#
......#####......#
...... +......# .....
#........


You could see 3 blink frogs.

Vanquished Creatures
  A hydra (Lair:1)
  An elephant (D:10)
  2 blink frogs (Lair:1)
  3 hornets (D:8)
  3 hippogriffs
  A wyvern (D:8)
  2 basilisks (D:10)
  A hungry ghost (D:9)
  A steam dragon (D:10)
  A human (D:9)
  Duvessa (D:7)
  4 orc warriors
  2 sky beasts
  A black bear (D:7)
  2 ice beasts (D:10)
  An eye of draining (D:8)
  3 ogres
  5 centaurs
  A crocodile (D:10)
  2 big kobolds
  5 bullfrogs
  Dowan (D:7)
  A scorpion (D:9)
  2 jellies
  A howler monkey (D:8)
  3 crimson imps
  10 orc priests
  2 hounds (D:7)
  3 centaur skeletons
  A bullfrog skeleton (D:9)
  3 iguanas
  6 orc wizards
  7 worker ants
  3 hound skeletons
  8 mummies (Ossuary)
  A howler monkey zombie (D:8)
  3 gnolls (D:2)
  2 howler monkey skeletons (D:4)
  8 adders
  A shadow imp (D:9)
  An ooze (D:3)
  An adder skeleton (D:7)
  2 adder zombies
  2 worms
  4 dart slugs
  6 leopard geckos
  37 orcs
  2 ball pythons (D:1)
  2 giant cockroaches
  2 gnoll zombies (Ossuary)
  5 goblins
  11 hobgoblins
  2 jackals (D:1)
  7 quokkas
  12 bats
  12 frilled lizards
  2 hobgoblin zombies (Ossuary)
  A jackal skeleton (D:9)
  15 kobolds
  2 kobold zombies (Ossuary)
  2 orc zombies (Ossuary)
  A quokka skeleton (D:5)
  14 rats
254 creatures vanquished.

Vanquished Creatures (collateral kills)
  A quokka (D:4)
1 creature vanquished.

Vanquished Creatures (others)
  A dancing weapon (D:7)
  A toadstool (Lair:1)
2 creatures vanquished.

Grand Total: 257 creatures vanquished

Notes
Turn   | Place    | Note
-------+----------+-------------------------------------------
     0 | D:1      | 2tousent the Vampire Enchanter began the quest for the Orb.
     0 | D:1      | Reached XP level 1. HP: 13/13 MP: 3/3
   465 | D:1      | Reached XP level 2. HP: 16/16 MP: 5/5
   469 | D:1      | Learned a level 2 spell: Ensorcelled Hibernation
   789 | D:1      | Reached skill level 5 in Hexes
  1231 | D:1      | Reached XP level 3. HP: 20/20 MP: 6/6
  1596 | D:2      | Reached skill level 1 in Fighting
  1843 | D:2      | Reached XP level 4. HP: 25/25 MP: 7/7
  1894 | D:2      | Found a glowing golden altar of the Shining One.
  1958 | D:2      | Reached skill level 5 in Stealth
  2061 | D:2      | You fall into a shaft and drop 2 floors!
  2062 | D:4      | Noticed an ogre
  2071 | D:4      | Found a transporter.
  2071 | D:4      | Noticed a black bear
  2071 | D:4      | Noticed GrazedDisgrace's ghost (amateur DsGl)
  2089 | D:4      | Reached skill level 6 in Hexes
  2186 | D:4      | Learned a level 3 spell: Tukima's Dance
  2233 | D:4      | Killed an ogre
  2233 | D:4      | Reached XP level 5. HP: 24/29 MP: 8/8
  2643 | D:4      | Reached XP level 6. HP: 31/35 MP: 10/10
  2666 | D:4      | Found a transporter.
  2825 | D:3      | Learned a level 3 spell: Confuse
  3362 | D:3      | Reached skill level 7 in Hexes
  3973 | D:4      | Found a stormy altar of Qazlal.
  3973 | D:4      | Found a faded altar of an unknown god.
  3979 | D:4      | Found a faded altar of an unknown god.
  3981 | D:4      | Found a blossoming altar of Fedhas.
  3982 | D:4      | Found a shattered altar of Ashenzari.
  4149 | D:5      | Entered Level 5 of the Dungeon
  4161 | D:5      | Reached XP level 7. HP: 40/40 MP: 11/11
  4326 | D:5      | Reached skill level 8 in Hexes
  4587 | D:5      | You fall into a shaft and drop 2 floors!
  4751 | D:7      | Found Peqeadd's Antique Armour Shop.
  4844 | D:7      | Learned a level 3 spell: Dazzling Spray
  4935 | D:7      | Noticed Dowan
  4937 | D:7      | Noticed Duvessa
  4955 | D:7      | Reached XP level 8. HP: 45/45 MP: 6/13
  4972 | D:7      | Killed Duvessa
  5021 | D:7      | Killed Dowan
  5021 | D:7      | Reached skill level 9 in Hexes
  5688 | D:8      | Reached skill level 5 in Dodging
  5694 | D:8      | Noticed a hornet
  5695 | D:8      | Killed a hornet
  5695 | D:8      | Reached skill level 10 in Hexes
  5697 | D:8      | Noticed a hornet
  5698 | D:8      | Noticed a hornet
  5699 | D:8      | Killed a hornet
  5699 | D:8      | Reached XP level 9. HP: 52/52 MP: 15/15
  5700 | D:8      | Reached skill level 5 in Short Blades
  5813 | D:8      | Learned a level 4 spell: Cause Fear
  5870 | D:8      | Found a sand-covered staircase.
  5900 | Ossuary  | Entered an ossuary
  6347 | D:8      | Reached skill level 11 in Hexes
  6485 | D:8      | Reached skill level 5 in Spellcasting
  7168 | D:9      | Found a staircase to the Orcish Mines.
  7188 | D:9      | Reached skill level 12 in Hexes
  7219 | D:9      | Reached skill level 5 in Fighting
  7219 | D:9      | Reached XP level 10. HP: 59/59 MP: 3/18
  7950 | D:10     | Entered Level 10 of the Dungeon
  8028 | D:10     | Reached skill level 10 in Stealth
  8362 | D:10     | Found a staircase to the Lair.
  8362 | D:10     | Noticed an elephant
  8418 | D:10     | Killed an elephant
  8582 | D:10     | Got a fine buckler
  8588 | D:10     | Identified the +0 buckler of the Three Friends {Dex+4} (You
                  | found it on level 10 of the Dungeon)
  8676 | D:11     | Noticed a skeletal warrior
  8677 | D:11     | Noticed a death knight
  8677 | D:11     | Noticed a skeletal warrior
  8677 | D:11     | Noticed a skeletal warrior
  8716 | Lair:1   | Entered Level 1 of the Lair of Beasts
  8716 | Lair:1   | Noticed a four-headed hydra
  8724 | Lair:1   | Killed a four-headed hydra
  8724 | Lair:1   | Reached skill level 1 in Shields
  8724 | Lair:1   | Reached skill level 13 in Hexes
  8835 | Lair:1   | Slain by a blink frog

Levels and vault maps discovered:
D:1:      scummos_arrival_gate, layout_basic, minmay_rat_gold_closets
D:2:      layout_basic, st_stairs_9, tso_metal_star
D:3:      layout_loops_ring
D:4:      minmay_thick_lines, layout_basic, chequers_temple_overflow_minitemple,
          first_ration, gammafunk_ghost_arena
D:5:      layout_loops_cross, minmay_temple_entry_enclosed_plants
D:7:      layout_loops_ring, serial_shops, kennysheep_little_box, uniq_duvessa
D:8:      layout_basic, nicolae_ossuary_entry_false_entrances,
          hangedman_pestilent_swarm
D:9:      layout_roguey, erik_orc_4
D:10:     minmay_angry_zag, layout_cave_pools, david_lair_generic
D:11:     layout_stronghold, uniq_psyche
Lair:1:   gammafunk_lair_enchanted_lake, layout_chaotic_city, grunt_megastairs_5

Skill      XL: |  1  2  3  4  5  6  7  8  9 10 |
---------------+-------------------------------+-----
Hexes          | 5 6 7 8 10 12 13 | 13.2
Fighting       | 1 2 3 5 |  5.7
Stealth        | 5 6 8 9 10 | 10.6
Short Blades   | 2 3 4 6 7 |  7.6
Dodging        | 3 4 5 |  5.9
Spellcasting   | 3 4 5 6 |  6.1
Shields        | 1 |  1.7

Action                   |  1- 3 |  4- 6 |  7- 9 | 10-12 || total
-------------------------+-------+-------+-------+-------++-------
Melee: Dagger            |   108 |   171 |   373 |    80 ||   732
       Bite              |     6 |    14 |    25 |     2 ||    47
 Cast: Corona            |     1 |       |       |       ||     1
       Ensorcelled Hiber |    15 |    29 |    75 |    46 ||   165
       Tukima's Dance    |       |     2 |     2 |       ||     4
       Confuse           |       |     3 |    13 |     2 ||    18
       Dazzling Spray    |       |       |     9 |     8 ||    17
 Abil: Exsanguinate      |     1 |       |       |       ||     1
Evoke: Wand              |       |       |       |     2 ||     2
  Use: Potion            |       |       |     3 |     1 ||     4
       Scroll            |       |       |    19 |     4 ||    23
 Stab: Sleeping          |    26 |    44 |    62 |    25 ||   157
       Distracted        |       |     2 |     1 |     1 ||     4
       Confused          |       |     1 |     8 |     1 ||    10
       Invisible         |       |       |     2 |     7 ||     9
Armor: Robe              |    26 |    25 |    72 |    11 ||   134
       Steam dragon scal |       |       |       |    17 ||    17
Dodge: Dodged            |   103 |    85 |   232 |    63 ||   483
Block: Buckler           |       |       |       |     6 ||     6

Table legend:
 A = Non-vault XP
 B = Vault XP
 C = Vault XP percentage of total XP
 D = Non-vault monster count
 E = Vault monster count
 F = Vault count percentage of total count
                 A         B        C        D         E       F
            +---------+---------+-------+---------+---------+-------
      Total |    7344 |    3259 |  30.7 |     199 |      56 |  22.0
            +---------+---------+-------+---------+---------+-------
        D:1 |      39 |       8 |  17.0 |      23 |       8 |  25.8
        D:2 |     120 |      15 |  11.1 |      28 |       2 |   6.7
        D:3 |     193 |       0 |   0.0 |      22 |       0 |   0.0
        D:4 |     204 |      62 |  23.3 |      14 |       5 |  26.3
        D:5 |     483 |       0 |   0.0 |      16 |       0 |   0.0
        D:7 |     795 |     231 |  22.5 |      20 |       2 |   9.1
        D:8 |    1094 |     879 |  44.6 |      26 |       4 |  13.3
        D:9 |    1420 |     675 |  32.2 |      37 |      14 |  27.5
       D:10 |    1213 |    1232 |  50.4 |       9 |       5 |  35.7
     Lair:1 |    1783 |       0 |   0.0 |       4 |       0 |   0.0
    Ossuary |       0 |     157 | 100.0 |       0 |      16 | 100.0
            +---------+---------+-------+---------+---------+-------
